 Dungeon Crawl Stone Soup version 0.18-a0-1745-gffa9a88 (webtiles) character file.

41 namelastname112 the Skirmisher (level 3, -1/31 HPs)
             Began as a Draconian Abyssal Knight on Apr 11, 2016.
             Was a Follower of Lugonu.
             Slain by a gnoll
             ... wielding a +0 halberd
              (6 damage)
             ... on level 1 of the Dungeon.
             The game lasted 00:03:26 (1797 turns).

namelastname112 the Skirmisher (DrAK)               Turns: 1797, Time: 00:03:26

Health: -1/31      AC:  5    Str: 14    XL:     3   Next: 32%
Magic:  5/5        EV: 12    Int: 12    God:    Lugonu [*.....]
Gold:   107        SH:  0    Dex: 11    Spells: 0 memorised, 2 levels left

rFire  . . .     SeeInvis .     a - +1 falchion
rCold  . . .     Gourm    .     (armour unavailable)
rNeg   . . .     Faith    .     (no shield)
rPois  .         Spirit   .     (helmet restricted)
rElec  .         Dismiss  .     (no cloak)
rCorr  .         Reflect  .     (no gloves)
SustAt .         Harm     .     (no boots)
MR     .....                    (no amulet)
Stlth  +.........               (no ring)
                                (no ring)

@: not resistant to hostile enchantments, very unstealthy
A: unfitting armour, cold-blooded, AC +5
a: Depart the Abyss, Renounce Religion


You were on level 1 of the Dungeon.
You worshipped Lugonu.
Lugonu was aware of your devotion.
You were very hungry.

You visited 1 branch of the dungeon, and saw 2 of its levels.
You visited the Abyss 1 time.

You collected 107 gold pieces.

Inventory:

Hand Weapons
 a - a +1 falchion (weapon)
 p - a +4 glaive
Scrolls
 c - a scroll of fear {unknown}
 d - a scroll of noise {unknown}
 e - 3 scrolls of identify {unknown}
 h - 2 scrolls of amnesia {unknown}
 i - a scroll of immolation {unknown}
 k - a scroll of teleportation {unknown}
 l - a scroll of fog {unknown}
 o - a scroll of remove curse {unknown}
Potions
 g - a potion of heal wounds {unknown}
 j - a potion of degeneration {unknown}
 m - a potion of invisibility {unknown}
 n - a potion of curing {unknown}
Comestibles
 b - 2 bread rations
 f - a royal jelly
 q - a meat ration


   Skills:
 + Level 3.5 Fighting
 - Level 2.6 Long Blades
 * Level 0.2 Polearms
 + Level 2.3 Dodging
 * Level 2.9 Invocations


You had 2 spell levels left.
You didn't know any spells.

Dungeon Overview and Level Annotations

Branches:
Dungeon (2/15)

Altars:


Innate Abilities, Weirdness & Mutations

Your plain brown scales are hard (AC +5).
Your body does not fit into most forms of armour.
You are cold-blooded and may be slowed by cold attacks.


Message History

The giant cockroach bites you but does no damage.
You hit the giant cockroach.
The giant cockroach is severely wounded.
The giant cockroach barely misses you.
You hit the giant cockroach.
You kill the giant cockroach!
Lugonu accepts your kill.
You can now bend space around yourself.
You start resting.
You can no longer bend space around yourself.
There is a stone staircase leading down here.
You start resting.
You are feeling very hungry.
You climb downwards.
The gnoll hits you with a halberd.
There is a stone staircase leading up here.
The gnoll hits you with a halberd!
* * * LOW HITPOINT WARNING * * *
You climb upwards.
There is a stone staircase leading down here.
The gnoll hits you from afar with a halberd.
You die...

#####.#.#####.#.#..# #...#
#.#...## ######..# #.....#
#....#..#####.###.#
#.##.##.##.......##
#.##.##.##.....#)#
#.##.##.##.....#.#
..##.##.......g>.#
####.###.####...@#########
####.###..#...#..........#
........#....##.########.#
.###....####.##..........#
.# #....# #..#########..#
.######## #....# #..# ...#
#######.### #..# ##.#
#.....#...# #..#
...####.....###.# #..#


You could see a gnoll.

Vanquished Creatures
  2 dart slugs
  2 giant geckos
  A ball python (D:2)
  2 bats (D:1)
  2 giant cockroaches
  5 hobgoblins
  4 jackals (D:1)
  3 kobolds
  A giant newt (D:2)
  5 goblins
  3 rats
30 creatures vanquished.

Notes
Turn   | Place    | Note
--------------------------------------------------------------
     0 | Abyss:1  | namelastname112 the Draconian Abyssal Knight began the quest for the Orb.
     0 | Abyss:1  | Reached XP level 1. HP: 19/19 MP: 2/2
    43 | Abyss:1  | Noticed a tentacled starspawn
   115 | Abyss:1  | Noticed a fire giant skeleton
   166 | Abyss:1  | Noticed a large abomination
   188 | Abyss:1  | Noticed a rust devil
   199 | Abyss:1  | Noticed a spatial vortex
   218 | D:1      | Escaped the Abyss
   341 | D:1      | Reached * piety under Lugonu
   733 | D:1      | Reached XP level 2. HP: 26/26 MP: 3/3
  1265 | D:2      | Reached XP level 3. HP: 30/31 MP: 5/5
  1621 | D:1      | Reached ** piety under Lugonu
  1797 | D:1      | Slain by a gnoll

Vault maps used:
D:1:      eino_arrival_water_star

Action                   || total
-------------------------++-------
Melee: Falchion          ||    85
Invok: Depart the Abyss  ||     1
  Eat: Chunk             ||     2
